 Dungeon Crawl Stone Soup version 0.25-a0-659-gdb1d69e (webtiles) character file.

Game seed: 2969740616843813208, levelgen mode: deterministic

554 BlueFish the Covert (level 7, -1/45 HPs)
             Began as an Octopode Assassin on Mar 23, 2020.
             Slain by a worker ant (6 damage)
             ... while paralysed by Grinder
             ... on level 4 of the Dungeon.
             The game lasted 00:10:45 (2987 turns).

BlueFish the Covert (Octopode Assassin)             Turns: 2987, Time: 00:10:46

Health: -1/45      AC:  1    Str: 10    XL:     7   Next: 30%
Magic:  7/7        EV:  2    Int: 14    God:
Gold:   183        SH:  0    Dex: 15    Spells: 6/6 levels left

rFire    . . .     SeeInvis .   a - +2 dagger
rCold    . . .     Gourm    .   (no shield)
rNeg     . . .     Faith    .   (helmet restricted)
rPois    +         Spirit   .   (no amulet)
rElec    .         Reflect  .   l - ring of poison resistance
rCorr    .         Harm     .   s - ring of protection from magic
MR       +....                  (no ring)
Stlth    +++++.....             (no ring)
HPRegen  0.15/turn              (no ring)
MPRegen  0.10/turn              (no ring)
                                (no ring)
                                (no ring)

@: paralysed
A: almost no armour, stealthy swim, amphibious, 8 rings, constrict 8, camouflage
1, gelatinous body 1
a: no special abilities


You were on level 4 of the Dungeon.
You were not hungry.

You visited 1 branch of the dungeon, and saw 4 of its levels.
You also visited: Sewer.

You collected 183 gold pieces.

Inventory:

Hand Weapons
 a - a +2 dagger (weapon)
Missiles
 b - 43 poisoned darts (quivered)
 c - 2 curare-tipped darts
 h - 4 atropa-tipped darts
 q - 3 javelins
Jewellery
 l - a ring of poison resistance (left tentacle)
 s - a ring of protection from magic (right tentacle)
Scrolls
 f - a scroll of fog {unknown}
 i - 3 scrolls of teleportation
 m - a scroll of enchant armour
 n - 2 scrolls of immolation {unknown}
 r - 2 scrolls of remove curse {unknown}
Potions
 e - a potion of resistance
 g - 2 potions of curing
 j - a potion of haste
 k - a potion of mutation
 o - 2 potions of flight
 p - a potion of heal wounds {unknown}
 t - a potion of brilliance {unknown}
Comestibles
 d - 7 rations


   Skills:
 + Level 2.5 Fighting
 * Level 3.8 Short Blades
 * Level 3.0 Throwing
 * Level 2.6 Dodging
 * Level 9.4 Stealth


You had 6 spell levels left.
You didn't know any spells.
Your spell library was empty.

Dungeon Overview and Level Annotations

Branches:
Dungeon (4/15)              Sewer (visited)
 Temple: D:4-7

Altars:

Annotations:
D:4 Grinder


Innate Abilities, Weirdness & Mutations

You cannot wear most types of armour.
You are very stealthy in the water. (Stealth+)
You are amphibious.
You can wear up to eight rings at the same time.
You can use your tentacles to constrict eight enemies at once.
Your skin changes colour to match your surroundings (Stealth+).
Your rubbery body absorbs attacks. (AC +1, EV +1)


Message History

Grinder is severely wounded.
You constrict Grinder. The worker ant closely misses you.
You hit Grinder but do no damage.
Grinder is almost dead.
You constrict Grinder.
Grinder says, "Mostly I couldn't keep them alive."
Grinder gestures at you.
You suddenly lose the ability to move!
You lose your grip on Grinder.
The worker ant bites you. The worker ant bites you. Grinder hits you.
You writhe in agony.
The worker ant bites you.
Grinder says, "Wait up."
Grinder hits you!
* * * LOW HITPOINT WARNING * * *
The worker ant bites you.
* * * LOW HITPOINT WARNING * * *
Grinder hits you.
* * * LOW HITPOINT WARNING * * *
The worker ant bites you.
You die...

##.g###+##'####...
##..##..##...##..)
#....'.......#....
#...(#...g...#....
'....#.......#....
#...##....##'##.##
###'######'###.##.##
#..a5...............
#..@................
#...................
#.<[................
#?..................
#...................
#...$.#..#..#####.##
##########..##.####
#.........
#.........


You could see Grinder and a worker ant.

Vanquished Creatures
  2 ogres
  A big kobold (Sewer)
  2 centaur skeletons (D:4)
  A gnoll shaman (D:3)
  An iguana (D:4)
  An orc wizard (D:4)
  A hound skeleton (D:4)
  5 gnolls
  2 adders (D:3)
  3 river rats (Sewer)
  2 worms
  2 dart slugs
  4 leopard geckos
  4 orcs
  3 giant cockroaches (D:3)
  3 goblins
  6 hobgoblins
  4 jackals
  4 quokkas
  A ball python (D:3)
  9 bats
  3 frilled lizards
  12 kobolds
  3 rats
79 creatures vanquished.

Notes
Turn   | Place    | Note
-------+----------+-------------------------------------------
     0 | D:1      | BlueFish the Octopode Assassin began the quest for the Orb.
     0 | D:1      | Reached XP level 1. HP: 14/14 MP: 1/1
   175 | D:1      | Reached XP level 2. HP: 19/19 MP: 2/2
   334 | D:1      | Reached skill level 6 in Stealth
   825 | D:2      | Reached XP level 3. HP: 24/24 MP: 3/3
  1312 | D:3      | Found a glowing drain.
  1321 | Sewer    | Entered a sewer
  1332 | Sewer    | Reached XP level 4. HP: 10/29 MP: 4/4
  1516 | Sewer    | Reached skill level 7 in Stealth
  1608 | Sewer    | Noticed a big kobold
  1628 | Sewer    | Killed a big kobold
  1628 | Sewer    | Reached XP level 5. HP: 19/34 MP: 5/5
  1738 | Sewer    | Found a glowing silver altar of Zin.
  2004 | D:3      | Reached skill level 8 in Stealth
  2090 | D:4      | Noticed an ogre
  2094 | D:4      | Killed an ogre
  2094 | D:4      | Reached XP level 6. HP: 39/39 MP: 6/6
  2130 | D:3      | Reached skill level 9 in Stealth
  2576 | D:4      | Reached XP level 7. HP: 43/45 MP: 7/7
  2957 | D:4      | Noticed Grinder
  2984 | D:4      | Paralysed by Grinder for 6 turns
  2987 | D:4      | Slain by a worker ant

Levels and vault maps discovered:
D:1:      dpeg_arrival_chase, layout_basic
D:2:      layout_basic, minmay_ruptured
D:3:      layout_rooms, cheibrodos_sewer_entry_drain
D:4:      layout_gridville, fedhas_bush_and_centaur_altar, uniq_grinder

Skill      XL: |  1  2  3  4  5  6  7 |
---------------+----------------------+-----
Stealth        | 6 7 8 9 |  9.4
Short Blades   | 3 |  3.8
Dodging        | 2 |  2.6
Throwing       | 3 |  3.0
Fighting       | |  2.5

Action                   |  1- 3 |  4- 6 |  7- 9 || total
-------------------------+-------+-------+-------++-------
Melee: Dagger            |    56 |    87 |    52 ||   195
       Constrict         |    13 |    20 |    11 ||    44
       Tentacles         |     9 |    22 |    19 ||    50
  Use: Scroll            |     6 |     1 |     1 ||     8
 Stab: Sleeping          |    15 |     6 |       ||    21
  Eat: Chunk             |     1 |     4 |     2 ||     7
Armor: Skin              |     4 |     4 |       ||     8
Dodge: Dodged            |    30 |    40 |    26 ||    96

Table legend:
 A = Non-vault XP
 B = Vault XP
 C = Vault XP percentage of total XP
 D = Non-vault monster count
 E = Vault monster count
 F = Vault count percentage of total count
                 A         B        C        D         E       F
            +---------+---------+-------+---------+---------+-------
      Total |     633 |     159 |  20.1 |      60 |      19 |  24.1
            +---------+---------+-------+---------+---------+-------
        D:1 |      26 |       0 |   0.0 |      16 |       0 |   0.0
        D:2 |      15 |       7 |  31.8 |       8 |       3 |  27.3
        D:3 |     222 |       5 |   2.2 |      17 |       3 |  15.0
        D:4 |     370 |       0 |   0.0 |      19 |       0 |   0.0
      Sewer |       0 |     147 | 100.0 |       0 |      13 | 100.0
            +---------+---------+-------+---------+---------+-------
